[Event "Late-Titled-Tuesday-Blitz-March-19-2024"]
[Site "Chess.com"]
[Date "2024.03.19"]
[Round "10"]
[White "Sandstad"]
[Black "ChempionBg"]
[Result "0-1"]
[WhiteElo "2490"]
[BlackElo "2365"]
[TimeControl "180+1"]
[EndTime "15:54:57 PDT"]
[Termination "ChempionBg won by checkmate"]

1. d4 Nf6 2. c4 g6 3. Nc3 Bg7 4. e4 d6 5. Be2 O-O 6. Be3 a6 7. h4 h5 8. f3 Nc6 9. g4 e5 10. d5 Nd4 11. g5 Nd7 12. Bd3 Nc5 13. Bb1 b5 14. Nge2 Nxf3+ 15. Kf2 Bg4 16. b4 Nd7 17. c5 f6 18. c6 Nb6 19. Qd3 fxg5 20.
hxg5 Nc4 21. Bc1 Nfd2+ 22. Ke1 Nf3+ 23. Kd1 Nd4 24. a4 Rf2 25. Re1 Rf3 26. Ra2 Rxd3+ 27. Bxd3 Nf3 28. Rf1 Nxg5 29. axb5 axb5 30. Rxa8 Qxa8 31.
Bxg5 Nb2+ 32. Kc2 Nxd3 33. Kxd3 Qa3 34. Bd2 Qb3 35. Rf2 Qc4+ 36. Kc2 h4 37. Rh2 Bf3 38.
Nc1 Bxe4+ 39. Kb2 Qxb4+ 40. Nb3 Bd3 41. Rxh4 Bc4 42. Rxc4 bxc4 43. Ne4 Qxb3+ 44. Kc1 Qd3 45. Nxd6 Qxd5 46. Nc8 Kf7 47. Ba5 Qxc6 48. Bxc7 Qxc7 49. Nd6+ Qxd6 50. Kc2 Qd4 51. Kc1 Qd3 52. Kb2 Qb3+ 53.
Kc1 e4 54. Kd2 Bd4 55. Ke2 Qd3+ 56. Ke1 Bc3+ 57. Kf2 Qf3+ 58. Kg1 Qe2 59. Kh1 Be5 60. Kg1 Bg3 61. Kh1 Qh2# 0-1

[Event "Late-Titled-Tuesday-Blitz-March-19-2024"]
[Site "Chess.com"]
[Date "2024.03.19"]
[Round "10"]
[White "kikoveiga"]
[Black "SocoLoco"]
[Result "1-0"]
[WhiteElo "2459"]
[BlackElo "2144"]
[TimeControl "180+1"]
[EndTime "15:54:58 PDT"]
[Termination "kikoveiga won on time"]

1. e4 c5 2. Nf3 e6 3. d4 cxd4 4.
Nxd4 Nf6 5. Nc3 Nc6 6. Ndb5 d6 7.
Bg5 a6 8. Nd4 Be7 9. Nf3 Qa5 10.
Bd2 Qb6 11. Rb1 O-O 12. Bc4 Rd8 13. O-O Qc7 14. Bb3 b5 15. a3 Bb7 16. Qe2 Rac8 17. Rbd1 h6 18. Rfe1 Ng4 19. Bf4 Bf6 20. h3 Nge5 21.
Nxe5 Bxe5 22. Bxe5 Nxe5 23. f4 Nc4 24. Bxc4 Qxc4 25. Qe3 a5 26. Rd4 Qc5 27. e5 d5 28.
Red1 b4 29. axb4 axb4 30. Ne2 Qxc2 31. R1d2 Qc5 32. Kh2 Ba6 33. Ng3 Qc1 34. f5 Rc2 35. f6 Rxd2 36. Rxd2 d4 37. Qf4 g5 38. Qf2 Qc4 39.
Ne4 d3 40. Nd6 Qf4+ 41. Qxf4 gxf4 42. Rd1 Kh7 43. Rf1 Kg6 44. Rxf4 Rb8 45. Rd4 Rb6 46.
Kg3 b3 47. Kf4 Bb7 48. g4 Bd5 49. h4 Ra6 50. Rxd3 Ra2 51. Rd2 Ra1 52. Kg3 Rc1 53. Rf2 Rc2 54. Nb5 Rc5 55. Nd4 Be4 56. Ne2 Rc2 57. Nf4+ 1-0

[Event "Late-Titled-Tuesday-Blitz-March-19-2024"]
[Site "Chess.com"]
[Date "2024.03.19"]
[Round "10"]
[White "DanielNaroditsky"]
[Black "GHANDEEVAM2003"]
[Result "0-1"]
[WhiteElo "3157"]
[BlackElo "3062"]
[TimeControl "180+1"]
[EndTime "15:55:00 PDT"]
[Termination "GHANDEEVAM2003 won by resignation"]

1. e4 c6 2. Nf3 d5 3. exd5 cxd5 4. d4 Nc6 5. Bb5 Bg4 6. c4 e6 7. Nc3 Bb4 8. Qa4 Bxc3+ 9. bxc3 Ne7 10. Ne5 Bf5 11. Nxc6 bxc6 12. Bxc6+ Nxc6 13. Qxc6+ Kf8 14. c5 Bd3 15. Bf4 g5 16. Bc7 Qc8 17. Kd2 Bg6 18. h4 gxh4 19. Rxh4 Kg7 20. Qd6 Qb7 21. Ke1 Qb2 22. Rd1 Qxc3+ 23. Kf1 Rhc8 24. Qg3 Qxg3 25. Bxg3 a5 26. Bd6 Ra7 27. Rh3 a4 28. Ra3 Rb7 29. Rd2 Rb4 30. f3 f6 31. Kf2 Kf7 32. c6 Rc4 33. c7 Ke8 34. Bg3 Kd7 35. Re3 Bf5 36. Bh2 h5 37. Bg3 Ra8 38. Re1 Ra6 39. Re3 Rac6 40.
Ree2 h4 41. Bxh4 Kxc7 42. Bxf6 Kd7 43. Be5 a3 44. g4 Bb1 45. Re1 Rc2 46. Ke2 Bxa2 47.
Ra1 Bc4+ 48. Ke3 Rc3+ 49. Kf2 a2 50. g5 Ra6 51. g6 Raa3 52. Kg2 Ke7 53. g7 Kf7 54.
Kh2 Rxf3 55. Rg2 Kg8 56. Rb2 Rfb3 57. Rf2 Rf3 58. Rb2 Ra8 59. Kg2 Rf1 60. Rbxa2 Rxa1 61. Rf2 R1a2 62. Rxa2 Rxa2+ 63. Kg3 Ra7 64. Kf4 Rxg7 65.
Bxg7 Kxg7 66. Kg5 Kf7 67. Kf4 Kf6 68. Kg4 e5 69. Kf3 exd4 70. Kf4 Ke6 0-1

[Event "Late-Titled-Tuesday-Blitz-March-19-2024"]
[Site "Chess.com"]
[Date "2024.03.19"]
[Round "10"]
[White "FabianoCaruana"]
[Black "FairChess_on_YouTube"]
[Result "1-0"]
[WhiteElo "3092"]
[BlackElo "3147"]
[TimeControl "180+1"]
[EndTime "15:55:04 PDT"]
[Termination "FabianoCaruana won by checkmate"]

1. e4 c5 2. Nf3 Nc6 3. Bb5 Nf6 4. Nc3 g6 5. e5 Ng4 6. Bxc6 dxc6 7. h3 Nh6 8. d3 Nf5 9. O-O Bg7 10. Re1 O-O 11. Bf4 Nd4 12. Ne4 b6 13. Nxd4 Qxd4 14. c3 Qd5 15. Ng3 Be6 16. Re3 Rae8 17. Qa4 Qd7 18. Rae1 f5 19. exf6 exf6 20. Ne4 Bd5 21. Bd6 f5 22.
Bxf8 Rxf8 23. Ng5 Bf6 24. Ne6 Rf7 25. Nf4 Kg7 26. Nxd5 Qxd5 27. Qb3 Qd7 28. Qc4 h5 29. a4 a5 30. Re6 h4 31. Qf4 Qd5 32. Qf3 Qb3 33.
Qxc6 Qxb2 34. d4 Qxc3 35. d5 c4 36. d6 Qd4 37. d7 c3 38. Rd6 Qb4 39. d8=Q c2 40.
Rc1 Bxd8 41. Rxd8 Qb2 42. Qxc2 Qf6 43. Qc3 Kh6 44. Qxf6 Rxf6 45. Rdc8 Kg5 46. R8c6 Rf7 47. Rxb6 Rd7 48. Rcc6 Rd1+ 49. Kh2 Rd2 50. Rxg6+ Kf4 51. Rb5 Rxf2 52. Rf6 Ke4 53. Rxa5 f4 54. Rg5 Ra2 55. Rg4 Ke3 56. Rfxf4 Ke2 57. Rxh4 Ke1 58. Rhg4 Ra3 59. h4 Rb3 60. h5 Rb7 61. Rh4 Rg7 62. h6 Rh7 63. Rf3 Ke2 64. a5 Kd1 65. a6 Ke1 66. a7 Ke2 67. a8=Q Rxh6 68. Qa2+ Ke1 69. Qb1+ Kd2 70.
Qb2+ Kd1 71. Rf1# 1-0

[Event "Late-Titled-Tuesday-Blitz-March-19-2024"]
[Site "Chess.com"]
[Date "2024.03.19"]
[Round "10"]
[White "KorolDimitriy75"]
[Black "AntonovaNadezhda"]
[Result "1-0"]
[WhiteElo "2371"]
[BlackElo "2197"]
[TimeControl "180+1"]
[EndTime "15:55:06 PDT"]
[Termination "KorolDimitriy75 won on time"]

1. d4 Nf6 2. c4 g6 3. Nc3 Bg7 4. e4 d6 5. Nf3 O-O 6. Be2 e5 7. dxe5 dxe5 8. Qxd8 Rxd8 9. Bg5 Re8 10. O-O-O Nc6 11.
Nb5 Re7 12. Nc3 Be6 13. Nd5 Bxd5 14. cxd5 Nd4 15. Nxd4 exd4 16. f3 h6 17. Bh4 g5 18. Bf2 Nxd5 19. Bxd4 Nf4 20. Bf1 Rd8 21. Bxg7 Rxd1+ 22. Kxd1 Kxg7 23. g3 Rd7+ 24. Kc2 Ng6 25. Be2 Kf6 26. Rf1 Ke5 27. Bd3 Rd6 28. Kc3 Rc6+ 29. Kd2 Rd6 30. Ke3 Ke6 31. f4 Ke7 32. e5 Rb6 33. b3 gxf4+ 34. gxf4 a5 35. Rc1 c6 36. Rc4 Nf8 37. f5 Nd7 38. Kf4 Rb4 39. f6+ Kf8 40. Kf5 Rxc4 41. Bxc4 b5 42.
Be2 Nc5 43. Bf3 Ne6 44. Kg4 Nd4 45. Be4 c5 46. Kh5 c4 47. bxc4 bxc4 48. Kxh6 c3 49.
h4 c2 50. Bxc2 Nxc2 51. Kg5 Nd4 52. h5 Ne6+ 53. Kf5 Nd4+ 54. Ke4 Ne6 55. a4 Kg8 56. Kd5 Kh7 57. Kc6 Kg8 58. Kb5 Nf4 59. Kxa5 Nxh5 60. Kb6 Nf4 61. a5 Nd5+ 62. Kc6 Nb4+ 63. Kb5 Nd5 64.
a6 Nc7+ 65. Kb6 Nd5+ 66. Kb5 Nc7+ 67. Kb6 Nd5+ 68. Kc5 Nc7 69. a7 1-0

[Event "Late-Titled-Tuesday-Blitz-March-19-2024"]
[Site "Chess.com"]
[Date "2024.03.19"]
[Round "10"]
[White "FredddieCroderg"]
[Black "Matrix3x3a"]
[Result "0-1"]
[WhiteElo "2316"]
[BlackElo "2617"]
[TimeControl "180+1"]
[EndTime "15:55:08 PDT"]
[Termination "Matrix3x3a won on time"]

1. e4 c5 2. Bc4 Nc6 3. d3 e6 4. Qf3 Ne5 5. Qg3 Nxc4 6. dxc4 b6 7. Nc3 Bb7 8. Be3 Nf6 9. e5 Ne4 10. Nxe4 Bxe4 11. O-O-O Qc7 12. Ne2 O-O-O 13. Nc3 Bc6 14. Rd2 f6 15. exf6 gxf6 16. Bf4 e5 17. Be3 h5 18. Nd5 Bxd5 19. Rxd5 d6 20. Rhd1 Be7 21.
Qf3 Qb7 22. a4 Kb8 23. b3 a5 24. Kb2 Kc7 25. Qf5 Qc8 26. Qf3 Qe6 27. c3 Qg4 28. Kc2 f5 29. b4 Qxf3 30. gxf3 f4 31. Bc1 Rhg8 32. Re1 Bf6 33. bxa5 bxa5 34. Ba3 Kc6 35. Rb1 Rg2 36. Rd2 Bh4 37. Rb5 Ra8 38. Kd3 Rxh2 39. Ke4 Rxf2 40. Rxf2 Bxf2 41. Kf5 h4 42. Kg4 Bg3 43. Rb1 Rg8+ 44. Kh3 Kc7 45. Rb5 Ra8 46.
Kg4 Be1 47. Bb2 Rg8+ 48. Kh3 Rg3+ 49. Kh2 Rxf3 50. Ba3 Rxc3 51. Bxc5 dxc5 52. Rxc5+ Kd6 53. Rd5+ Ke6 54. Rd8 Rxc4 55. Kh3 Kf5 56. Rf8+ Ke4 57. Rd8 Bb4 58. Kh2 Rd4 59. Rg8 Rd3 60. Kh1 Rg3 61. Rc8 f3 62. Rc4+ Kf5 63. Rc2 Rg2 64. Rc5 h3 65.
Rxe5+ Kf6 66. Re6+ Kg7 67. Re7+ Kh6 68. Re6+ Rg6 69. Re4 Rf6 70. Rh4+ Kg5 71. Rxh3 f2 0-1

[Event "Late-Titled-Tuesday-Blitz-March-19-2024"]
[Site "Chess.com"]
[Date "2024.03.19"]
[Round "10"]
[White "JoakimVonAnd"]
[Black "nabukatnezarr"]
[Result "1/2-1/2"]
[WhiteElo "2701"]
[BlackElo "2588"]
[TimeControl "180+1"]
[EndTime "15:55:09 PDT"]
[Termination "Game drawn - insufficient material"]

1. c4 Nf6 2. Nf3 g6 3. b3 Bg7 4.
Bb2 O-O 5. g3 d6 6. Bg2 e5 7.
O-O e4 8. Ne1 Re8 9. d3 Nc6 10.
Nc3 e3 11. fxe3 Ng4 12. Nc2 Nxe3 13. Nxe3 Rxe3 14. Qd2 Re8 15. Nd5 Ne5 16. Qf4 Be6 17. Nf6+ Bxf6 18. Qxf6 Qxf6 19. Rxf6 c6 20. h3 a5 21. a3 Nd7 22. Rf2 Nc5 23. b4 axb4 24.
axb4 Rxa1+ 25. Bxa1 Ra8 26. Rf1 Nb3 27. Bc3 Ra2 28. Rb1 Nd2 29. Rb2 Rxb2 30. Bxb2 d5 31. c5 Nb3 32. Kf2 d4 33. Ke1 h5 34. Kd1 g5 35.
Kc2 h4 36. gxh4 gxh4 37. Ba3 Kh7 38. b5 cxb5 39. Bxb7 Na5 40. Be4+ f5 41. Bf3 Bd7 42. Bb2 Nc6 43. Bc1 Kg6 44. Bf4 Ne7 45. Kb3 Nc6 46. Bg2 Kf6 47. Bd5 Be6 48. Bxe6 Kxe6 49. Bg5 Kd5 50.
Bxh4 Kxc5 51. Bf2 Kd5 52. h4 Ke5 53. h5 Kf6 54. e3 Kg5 55. exd4 Kxh5 56. d5 Ne7 57. d6 Nc6 58. d7 Kg4 59. d4 Kf3 60. d5 Nd8 61. Bb6 Nb7 62. Kb4 Ke4 63. d6 Kd5 64. d8=Q Nxd8 65. Bxd8 Kxd6 66. Bg5 Kd5 67. Kxb5 Ke4 68. Bh6 f4 69. Bxf4 1/2-1/2

[Event "Late-Titled-Tuesday-Blitz-March-19-2024"]
[Site "Chess.com"]
[Date "2024.03.19"]
[Round "10"]
[White "yaguigor"]
[Black "rychessmaster1"]
[Result "0-1"]
[WhiteElo "2579"]
[BlackElo "2749"]
[TimeControl "180+1"]
[EndTime "15:55:11 PDT"]
[Termination "rychessmaster1 won on time"]

1. e4 d6 2. d4 Nf6 3. Nc3 e5 4. Nf3 Nbd7 5. Bc4 Be7 6. O-O O-O 7.
a4 c6 8. h3 h6 9. Qe2 Re8 10.
Rd1 exd4 11. Nxd4 Bf8 12. Qf3 Ne5 13. Qe2 Nxc4 14. Qxc4 Nxe4 15. Nxc6 bxc6 16. Nxe4 Rb8 17. Ng3 Qc7 18. b3 d5 19. Qd3 Bd6 20. Nf5 Be5 21. Rb1 Bf6 22. Ba3 Bxf5 23. Qxf5 Re2 24. Bc5 Rbe8 25. Qd3 R2e4 26. Qa6 Qf4 27. Qxc6 d4 28. Bd6 Qf5 29. Bg3 Re2 30. Kf1 h5 31. Re1 Rxe1+ 32.
Rxe1 Rxe1+ 33. Kxe1 h4 34. Bb8 Qg5 35. Ke2 Qc1 36. Qe4 g6 37. Bf4 Qb2 38. Bd2 Qb1 39. Qd3 Qg1 40. Kf3 Kg7 41. b4 Qb1 42. b5 Qa2 43. a5 Qd5+ 44. Ke2 Qxg2 45. Qf3 Qg1 46. Bh6+ Kxh6 47. Qxf6 Qb1 48. Qxh4+ Kg7 49. Qxd4+ Kh7 50. Qd3 Qb4 51. a6 Qe7+ 52. Qe3 Qc7 53. c3 Qc4+ 54. Qd3 Qe6+ 55. Kd1 Qb3+ 56. Kd2 Qb2+ 57. Ke3 Qc1+ 58. Kd4 Qf4+ 59. Kd5 Qxf2 60. Qd4 Qf5+ 61. Kc6 Qe6+ 62. Kb7 f5 63. Qxa7 f4 64. Ka8+ Kh6 65. Qb7 Qe8+ 66.
Ka7 Qe3+ 67. b6 f3 68. Qc7 f2 0-1

[Event "Late-Titled-Tuesday-Blitz-March-19-2024"]
[Site "Chess.com"]
[Date "2024.03.19"]
[Round "10"]
[White "ExchangeAB"]
[Black "Jahonas"]
[Result "1/2-1/2"]
[WhiteElo "2502"]
[BlackElo "2379"]
[TimeControl "180+1"]
[EndTime "15:55:11 PDT"]
[Termination "Game drawn by repetition"]

1. e4 e5 2. Nf3 Nf6 3. Nxe5 d6 4. Nf3 Nxe4 5. Nc3 Nf6 6. d4 d5 7. Bf4 Bd6 8. Qd2 O-O 9. O-O-O Bg4 10. Be2 Bxf3 11.
Bxf3 c6 12. Bg5 Nbd7 13. Rde1 Qc7 14. g3 Rfe8 15. Kb1 b5 16. Rxe8+ Rxe8 17. Re1 Qb8 18. a3 h6 19. Be3 Nb6 20. Qd1 Nc4 21. Bc1 b4 22. Rxe8+ Qxe8 23. axb4 Bxb4 24. Na2 Bd6 25.
b3 Na3+ 26. Kb2 Nb5 27. Kb1 Ne4 28.
Bxe4 Qxe4 29. Bb2 Be7 30. f3 Qe3 31. f4 Bf6 32. c3 Nd6 33. Qc2 Ne4 34. Nc1 g6 35. Ka2 a5 36. Nd3 h5 37. Ne5 Bxe5 38.
fxe5 h4 39. gxh4 Qh3 40. c4 Qxh4 41. cxd5 cxd5 42. Qc8+ Kg7 43. Qd7 Qxh2 44. Ka3 Qd2 45. Qxd5 Qb4+ 46. Ka2 Nc3+ 47. Bxc3 Qxc3 48. e6 fxe6 49.
Qxe6 Qc2+ 50. Ka3 Qc3 51. Qe7+ Kh6 52. Qe5 Qb4+ 53. Kb2 a4 54. Qf4+ Kg7 55. Qe5+ Kh6 56. Qf4+ g5 57. Qf6+ Kh5 58. Qf3+ g4 59. Qf5+ Kh4 60.
Qh7+ Kg3 61. Qd3+ Kh4 62. Qh7+ Kg3 63. Qd3+ Kh2 64. Qe2+ Kh3 65. Qf1+ Kh4 66. Qf6+ Kh5 67. Qf5+ Kh4 68. Qf6+ Kh3 69. Qf1+ Kg3 70. Qg1+ Kf4 71. Qf2+ Ke4 72. Qe2+ Kf5 73. Qf2+ Kg5 74. Qe3+ Kh5 75. Qe5+ Kh4 76. Qh2+ Kg5 77. Qe5+ Kh4 78. Qh2+ Kg5 79. Qe5+ Kh4 1/2-1/2

[Event "Late-Titled-Tuesday-Blitz-March-19-2024"]
[Site "Chess.com"]
[Date "2024.03.19"]
[Round "10"]
[White "LeninGuerra"]
[Black "Zampronha1971"]
[Result "0-1"]
[WhiteElo "2660"]
[BlackElo "2357"]
[TimeControl "180+1"]
[EndTime "15:55:14 PDT"]
[Termination "Zampronha1971 won by resignation"]

1. e4 c5 2. Nf3 e6 3. b4 d5 4.
exd5 exd5 5. bxc5 Bxc5 6. Bd3 Nf6 7. O-O O-O 8. Bb2 Bg4 9. h3 Bh5 10. Re1 Nc6 11. Nc3 Qd7 12. Na4 Be7 13. Rb1 Rfe8 14. Be2 Rac8 15. Nh2 Bxe2 16. Rxe2 Ne4 17. Ng4 Nb4 18.
Nc3 Nxc3 19. dxc3 Nc6 20. c4 d4 21. a3 Bc5 22. Rd2 Rcd8 23. Qf3 h5 24. Nh2 Ne5 25. Qxh5 g6 26. Qh4 Nxc4 27. Rdd1 Nxb2 28. Rxb2 Bxa3 29. Ra2 Be7 30. Qh6 a6 31. Ng4 Qf5 32. Rd3 Bg5 33. Ra1 Qxg4 34. hxg4 Bxh6 35. Rb3 Rd7 36.
Ra4 Bg7 37. Kf1 Rc8 38. Ra2 Rc3 39. Rb6 Rdc7 40. f4 Bf8 41. f5 Bc5 42. Rb1 gxf5 43. gxf5 Kg7 44. Ke2 Kf6 45. g4 Bd6 46. Kd1 d3 47.
cxd3 Rxd3+ 48. Ke2 Rh3 49. Rb6 Rh2+ 50. Kf3 Rxa2 51.
Rxd6+ Ke7 52. Rb6 Rac2 53. Kf4 R2c6 54. Rb3 b5 55. Kg5 Rc4 56. Re3+ Kd8 57. Rd3+ Rd7 58.
Rh3 b4 59. Kf6 a5 60. Rh8+ Kc7 61. Ra8 Rc5 62. g5 Rdd5 63. Ra7+ Kb6 64. Rxf7 Rxf5+ 65. Ke6 Rce5+ 66. Kd6 Rxf7 67. Kxe5 Rg7 68. Kf6 Rxg5 69. Kxg5 b3 0-1

[Event "Late-Titled-Tuesday-Blitz-March-19-2024"]
[Site "Chess.com"]
[Date "2024.03.19"]
[Round "10"]
[White "PapaieDudu"]
[Black "David_ATM"]
[Result "0-1"]
[WhiteElo "2439"]
[BlackElo "2339"]
[TimeControl "180+1"]
[EndTime "15:55:22 PDT"]
[Termination "David_ATM won by checkmate"]

1. Nf3 d5 2. d4 c6 3. c4 Nf6 4.
Nc3 Bf5 5. e3 e6 6. Be2 Be7 7.
O-O O-O 8. b3 h6 9. Bb2 Nbd7 10.
Rc1 Ne4 11. Nd2 Nxd2 12. Qxd2 Bg6 13. f3 Nf6 14. Kh1 Kh8 15. Bd1 Qa5 16. a3 b5 17.
b4 Qb6 18. c5 Qc7 19. Bc2 Bxc2 20. Rxc2 a5 21. Na2 Rfd8 22. Qc3 a4 23. Bc1 Nd7 24. e4 f5 25. Qe3 Rf8 26. exf5 e5 27. g4 Bf6 28.
Bb2 Rae8 29. Qd2 Bg5 30. Qf2 Bf4 31. Re1 exd4 32. Rxe8 Rxe8 33. Bxd4 Be5 34. Re2 Qb8 35. f4 Bxd4 36. Rxe8+ Qxe8 37. Qxd4 Qe1+ 38. Kg2 Qe2+ 39.
Qf2 Qxg4+ 40. Kf1 Qxf5 41. Nc3 Nf6 42. Ne2 Qb1+ 43. Kg2 Qe4+ 44. Kf1 Ng4 45. Qg3 Qb1+ 46. Kg2 Qe4+ 47. Kh3 Nf6 48. Ng1 Qf5+ 49. Kg2 Nh5 50. Qe3 Nxf4+ 51. Kh1 Ne6 52. Nf3 Qe4 53. Qf2 Ng5 54. Kg2 Qxf3+ 55. Qxf3 Nxf3 56. Kxf3 g5 57. Ke3 Kg7 58. Kd4 Kf6 59. h3 Kf5 60. Kd3 h5 61.
Ke3 Ke5 62. Kd3 g4 63. hxg4 hxg4 64. Ke2 d4 65. Kd3 Kd5 66. Kc2 Ke4 67. Kd2 d3 68. Kc1 Ke3 69. Kd1 g3 70. Kc1 g2 71. Kb2 Kd4 72. Kc1 Kc3 73. Kb1 g1=Q+ 74. Ka2 Qf2+ 75. Ka1 Qb2# 0-1

[Event "Late-Titled-Tuesday-Blitz-March-19-2024"]
[Site "Chess.com"]
[Date "2024.03.19"]
[Round "10"]
[White "Adar_07"]
[Black "Shahdad2007"]
[Result "1-0"]
[WhiteElo "2822"]
[BlackElo "2602"]
[TimeControl "180+1"]
[EndTime "15:55:33 PDT"]
[Termination "Adar_07 won by checkmate"]

1. d4 Nf6 2. Bf4 c5 3. c3 d5 4.
e3 Nc6 5. Nf3 Qb6 6. Qc1 Bf5 7.
a4 e6 8. Bb5 a6 9. Bxc6+ Qxc6 10.
Ne5 Qc8 11. Nd2 Be7 12. h4 O-O 13. h5 h6 14. f3 Nd7 15. g4 Bh7 16. Rg1 f6 17.
Nxd7 Qxd7 18. Nb3 e5 19. Bh2 c4 20. Nd2 exd4 21. exd4 Bd6 22. Bxd6 Qxd6 23. Kf2 Rfe8 24. Nf1 Bd3 25. Ng3 Re7 26. Qd2 Rae8 27. Rge1 Qd7 28. a5 Qd6 29. Rxe7 Rxe7 30. b4 f5 31. gxf5 Bxf5 32.
Re1 Bd3 33. Rxe7 Qxe7 34. Qf4 Kh7 35. Qe5 Qf7 36. Ke3 Kg8 37. Nh1 Kf8 38. Nf2 Bf5 39. Qb8+ Qe8+ 40. Qxe8+ Kxe8 41. Kf4 Be6 42. Ke5 Bf7 43.
Ng4 Ke7 44. Ne3 Bxh5 45. Nxd5+ Kf7 46. f4 Bf3 47. Ne3 Be2 48. d5 h5 49. Nf5 g6 50.
Nh4 Bg4 51. d6 Be6 52. Nf3 Bd7 53. Ng5+ Kg7 54. Ne6+ Kf7 55. Nc5 Ke8 56. f5 gxf5 57. Nxb7 h4 58. Kf4 h3 59. Kg3 f4+ 60. Kh2 f3 61.
Kg3 Kf7 62. Nc5 Ke8 63. Kxf3 h2 64. Kg2 Bc6+ 65. Kxh2 Bb5 66. Kg3 Kd8 67. Kf4 Bc6 68. Ke5 Bd5 69. Kxd5 Kc8 70. Nxa6 Kb7 71. Nc5+ Ka7 72.
b5 Kb8 73. b6 Kc8 74. Ke6 Kb8 75. d7 Ka8 76. d8=R# 1-0

[Event "Late-Titled-Tuesday-Blitz-March-19-2024"]
[Site "Chess.com"]
[Date "2024.03.19"]
[Round "10"]
[White "Igrok3069"]
[Black "Harsha_Bharathakoti"]
[Result "0-1"]
[WhiteElo "2878"]
[BlackElo "2962"]
[TimeControl "180+1"]
[EndTime "15:55:40 PDT"]
[Termination "Harsha_Bharathakoti won by resignation"]

1. d4 d5 2. Nf3 Nf6 3. Bf4 e6 4. e3 Bd6 5. Bd3 O-O 6. Nbd2 c5 7. c3 Qc7 8. Ne5 Nc6 9. Ndf3 cxd4 10. exd4 Ne4 11.
Qe2 f6 12. Nxc6 Bxf4 13. Nb4 Nxc3 14. Qc2 Ne4 15. Bxe4 dxe4 16. Qxe4 Bd6 17. a3 Qc4 18. Nd3 Bd7 19. Rc1 Qd5 20. Qxd5 exd5 21. O-O Rac8 22. Nc5 Bc6 23. Rc3 b6 24. Nd3 Bb5 25. Rfc1 Rxc3 26.
Rxc3 Kf7 27. Nd2 Ke6 28. Nf1 Ba6 29. Ne3 Rc8 30. Rxc8 Bxc8 31. f3 a5 32. Kf2 Ba6 33.
Nc1 f5 34. h3 f4 35. Nc2 Be7 36. Ne2 Bh4+ 37. Kf1 Bd3 38. Ne1 Bc4 39. Nc2 Kf5 40. Na1 Bf6 41. Nc2 Bd3 42. Ne1 Ba6 43. Kf2 Bh4+ 44. Kf1 h6 45. Nc2 Bd3 46. Ne1 Bc4 47. Nc2 Ke6 48. Ne1 Kd6 49. Nc2 Kc6 50. a4 Bb3 51.
Ne1 Bxa4 52. Nd3 g5 53. Ne5+ Kb5 54. Nf7 Kb4 55. Nc1 Kc4 56. Nxh6 Kxd4 57. Nf5+ Ke5 58. Ne7 Bb5+ 59. Kg1 Kd6 60. Nf5+ Ke5 61. Nh6 d4 62. Ng4+ Kd5 63. Nf6+ Kc4 64. Ne4 d3 65. Nd2+ Kd4 66.
Nf1 Bc4 67. b3 Bd5 68. g3 fxg3 69. Kg2 b5 70. Nd2 a4 71. bxa4 bxa4 72. Ne4 Bxe4 73. fxe4 Kxe4 74. Na2 a3 75. Nc3+ Ke3 76. Nd5+ Kd4 77.
Nb4 d2 78. Nc2+ Kc3 79. Ne3 a2 80. Nd1+ Kc2 81. Ne3+ Kc1 0-1

[Event "Late-Titled-Tuesday-Blitz-March-19-2024"]
[Site "Chess.com"]
[Date "2024.03.19"]
[Round "10"]
[White "FaustinoOro"]
[Black "HajiyevKanan"]
[Result "1-0"]
[WhiteElo "2845"]
[BlackElo "2533"]
[TimeControl "180+1"]
[EndTime "15:55:45 PDT"]
[Termination "FaustinoOro won on time"]

1. e4 c6 2. d4 d5 3. Nc3 a6 4. Nf3 Bg4 5. Be2 e6 6. h3 Bh5 7.
O-O Nf6 8. e5 Nfd7 9. Ne1 Bg6 10. f4 c5 11. dxc5 Bxc5+ 12. Kh1 O-O 13. Bd3 Nc6 14.
Ne2 Rc8 15. a3 b5 16. Ng3 Qh4 17. Kh2 Qe7 18. Nf3 Bxd3 19. Qxd3 f5 20. exf6 Nxf6 21. Qe2 Nd4 22. Nxd4 Bxd4 23. Nf5 Qa7 24. Qxe6+ Kh8 25.
Nxd4 Qxd4 26. c3 Qe4 27. Qxe4 Nxe4 28. Be3 a5 29. Rad1 Rfd8 30. Rd3 Rd6 31. Rfd1 Rcd8 32. Bd4 Kg8 33. Be5 R6d7 34. Rd4 g6 35. g4 Kf7 36.
Kg2 Ke6 37. Kf3 Nc5 38. Re1 Ne4 39. Rd3 h5 40. gxh5 gxh5 41. Rg1 Kf5 42. Bd4 a4 43. Rdd1 h4 44. Rg4 Rh7 45. Rdg1 Nd2+ 46. Ke2 Ne4 47. Be5 Ng3+ 48. Kf3 Rdd7 49. Rg5+ Ke6 50. Kg4 Ne4 51. Rg6+ Kf7 52. f5 Rb7 53. Bd4 Nd2 54. Kf4 Nc4 55. R1g2 Ke7 56. Re6+ Kd7 57.
Re1 Rf7 58. f6 Rc7 59. Rg7 Kc6 60. Rxf7 Rxf7 61. Kf5 Nd6+ 62. Kg6 Kd7 63. Bc5 Rxf6+ 64. Kxf6 Ne4+ 65. Rxe4 dxe4 66. Kg5 Kc6 67. Be3 Kd5 68.
Kf4 Kc4 69. Kxe4 Kb3 70. Bc5 Kxb2 71. Bb4 Kc2 72. Kf4 Kd3 73. Kg4 Ke4 74. Kxh4 Kf4 75. Kh5 Kf5 76. h4 Kf6 77. Kg4 Ke5 78. h5 Kf6 79.
Kf4 Ke6 80. Kg5 Kf7 81. h6 Kg8 82. Kg6 Kh8 83. c4 bxc4 84. h7 1-0

[Event "Late-Titled-Tuesday-Blitz-March-19-2024"]
[Site "Chess.com"]
[Date "2024.03.19"]
[Round "10"]
[White "BabageldiAnnaberdiyev"]
[Black "Eloist"]
[Result "1/2-1/2"]
[WhiteElo "2625"]
[BlackElo "2505"]
[TimeControl "180+1"]
[EndTime "15:56:01 PDT"]
[Termination "Game drawn by 50-move rule"]

1. e4 e6 2. d4 d5 3. e5 c5 4. c3 Qb6 5. Nf3 Bd7 6. Be2 cxd4 7.
cxd4 Bb5 8. O-O Bxe2 9. Qxe2 Nc6 10. Nc3 Nge7 11. Be3 Nf5 12. Rfd1 Be7 13. g4 Nxe3 14. fxe3 f6 15. Qb5 Qxb5 16. Nxb5 Kd7 17. Rac1 fxe5 18. dxe5 Rhf8 19. Kg2 Rf7 20. Nbd4 Raf8 21. Rf1 Bd8 22. a3 Bc7 23. Nxc6 bxc6 24. b4 a5 25. Rb1 axb4 26.
axb4 Bb6 27. Rb3 Ra8 28. Rf2 Ra4 29. h3 h6 30. Rc2 Rf8 31. Ne1 Rfa8 32. Rbc3 Ra2 33.
Rxc6 Bxe3 34. Nd3 Rxc2+ 35. Rxc2 Ra3 36. Nc5+ Bxc5 37. Rxc5 Rb3 38. Rb5 Kc6 39. Ra5 Rxb4 40. Ra7 Rb2+ 41. Kf3 Rb3+ 42. Kg2 g5 43. Re7 d4 44.
Rxe6+ Kd5 45. Rxh6 d3 46. Kf3 d2+ 47. Ke2 Kxe5 48.
Kxd2 Kf4 49. h4 gxh4 50. Rxh4 Kg5 51. Rh8 Kxg4 52. Rg8+ Kf5 53. Kc2 Re3 54. Kd2 Re5 55. Kd3 Rd5+ 56. Kc4 Re5 57. Rf8+ Ke6 58. Kd4 Rd5+ 59.
Kc4 Re5 60. Re8+ Kd6 61. Rd8+ Ke7 62. Rd1 Ke6 63. Rh1 Re4+ 64. Kc5 Re5+ 65. Kc6 Re3 66. Rh8 Rc3+ 67. Kb5 Rb3+ 68. Kc4 Rf3 69. Kd4 Rf4+ 70. Kc5 Rf7 71. Re8+ Re7 72. Rf8 Rf7 73. Rh8 Re7 74.
Rh6+ Kd7 75. Kd5 Rf7 76. Rh5 Rg7 77. Rf5 Rh7 78. Rf6 Rg7 79. Ra6 Rg5+ 80. Ke4 Rg4+ 81. Kf5 Rg1 82. Ra7+ Kd6 83. Ra3 Rf1+ 84. Ke4 Re1+ 85.
Kd3 Rh1 86. Ra6+ Kd5 87. Ra5+ Kd6 88. Rg5 Rh3+ 89. Ke4 Rh4+ 90. Kf5 Rh1 91. Rg6+ Kd5 92. Rg4 Rf1+ 93. Kg5 Ke5 94. Rg2 Rf5+ 95. Kg4 Rf8 96.
Re2+ Kd4 97. Re1 Kd3 98. Re7 Kd4 99. Re6 Kd5 100. Re7 Kd4 101. Re6 Kd5 1/2-1/2

[Event "Late-Titled-Tuesday-Blitz-March-19-2024"]
[Site "Chess.com"]
[Date "2024.03.19"]
[Round "10"]
[White "CarlosjPineror"]
[Black "stollenmonster"]
[Result "0-1"]
[WhiteElo "2681"]
[BlackElo "2894"]
[TimeControl "180+1"]
[EndTime "15:56:02 PDT"]
[Termination "stollenmonster won by resignation"]

1. e4 c5 2. Nf3 Nf6 3. e5 Nd5 4.
b3 g6 5. Bb2 Bg7 6. g3 Nc6 7. Bg2 d6 8. Qe2 Bg4 9. h3 Bxf3 10. Bxf3 e6 11. Bxd5 exd5 12. exd6+ Kf8 13. Bxg7+ Kxg7 14. O-O Qxd6 15. Nc3 Rhe8 16. Qf3 Re5 17. Rae1 Rae8 18. Qf4 Nd4 19. Re3 Nxc2 20. Nb5 Qf6 21. Qxf6+ Kxf6 22. Rf3+ Kg7 23. Rc3 Nd4 24. Nxd4 cxd4 25.
Rd3 Re4 26. f3 R4e6 27. Rxd4 Rd6 28. Kf2 Rc8 29. Re1 Kf6 30. Rf4+ Kg7 31. Rd4 Rc2 32. Re7 Rxa2 33. Rxb7 Rb2 34. h4 Rf6 35. Rxd5 a5 36. Rbb5 h5 37. Rd3 Ra2 38. Rd4 Ra6 39. Rb7 Rf6 40. Ke3 Ra1 41. Kf2 Ra2 42. Rd5 Ra1 43. f4 Re6 44. Rdd7 Rf6 45. b4 a4 46. b5 a3 47. Ra7 Rb1 48. Rxa3 Rxb5 49. Rad3 Rb1 50. R3d6 Rf5 51. Rd5 Rf6 52. R7d6 Rb2 53. Rxf6 Kxf6 54.
Kf3 Ke6 55. Rd3 Rb1 56. Kf2 Rb2 57. Re3+ Kf6 58. Re2 Rb4 59. d3 Kf5 60. Re5+ Kg4 61.
Rg5+ Kh3 62. f5 gxf5 63. Rxf5 Rb2+ 64. Ke3 Rb1 65. Rxh5 Kxg3 66. Rh8 f5 67. h5 f4+ 68. Ke4 Re1+ 69. Kd4 f3 70. Rg8+ Kf2 71. h6 Rh1 72. Rg6 Rh4+ 73. Ke5 Ke2 74. d4 f2 75. Rf6 Rh5+ 76.
Ke6 Rxh6 77. Rxh6 f1=Q 78. Kd6 Qf8+ 79. Kc7 Qxh6 80. d5 Qf6 81. d6 Qe5 82. Kc6 Qc3+ 83. Kb7 Qb4+ 84. Kc7 Qc5+ 85. Kd7 Ke3 86. Ke7 Qe5+ 87.
Kd7 Kd4 88. Kc6 Qe6 89. Kc7 Qe5 90. Kc6 Qc5+ 91. Kd7 Kd5 92. Ke8 Kxd6 0-1